 Dungeon Crawl Stone Soup version 0.29.1-15-g9cfb28693d (webtiles) character file.

Game seed: 5800478448685858250

399 browni3141 the Vexing (level 7, -1/52 HPs)
             Began as a Human Enchanter on Feb 24, 2023.
             Was an Initiate of Nemelex Xobeh.
             Killed from afar by an orc wizard (5 damage)
             ... with a magic dart
             ... on level 5 of the Dungeon.
             The game lasted 00:12:56 (5002 turns).

browni3141 the Vexing (Human Enchanter)             Turns: 5002, Time: 00:12:57

Health: -1/52      AC:  6    Str:  8    XL:     7   Next: 10%
Magic:  6/10       EV: 12    Int: 20    God:    Nemelex Xobeh [......]
Gold:   193        SH:  0    Dex: 16    Spells: 2/10 levels left

rFire   . . .      SeeInvis .   a - +10 dagger "browni3141's Foe" {elec, Will- Int+3 Dex+2}
rCold   . . .      Faith    .   (no shield)
rNeg    . . .      Spirit   .   t - +2 robe
rPois   .          Reflect  .   (no helmet)
rElec   .          Harm     .   k - +0 cloak
rCorr   .          Rampage  .   (no gloves)
Will    .....                   w - +0 pair of boots
Stlth   +.........              (no amulet)
HPRegen 0.17/turn               L - ring of flight
MPRegen 0.12/turn               (no ring)

@: confused, flying
A: no striking features
a: Renounce Religion, Draw Escape, Draw Destruction, Draw Summoning


You were on level 5 of the Dungeon.
You worshipped Nemelex Xobeh.
Nemelex Xobeh was noncommittal.
You visited 2 branches of the dungeon, and saw 6 of its levels.

You collected 229 gold pieces.
You spent 36 gold pieces at shops.


   Skills:
 - Level 3.0 Fighting
 * Level 2.9 Short Blades
 - Level 2.0 Dodging
 - Level 4.0 Stealth
 - Level 2.0 Spellcasting
 * Level 4.9 Hexes
 - Level 2.0 Ice Magic


You had 2 spell levels left.
You knew the following spells:

 Your Spells              Type           Power      Damage    Failure   Level
d - Tukima's Dance        Hex            21%        N/A       6%          3
o - Confusing Touch       Hex            21%        N/A       6%          3
z - Ensorcelled Hibernat  Hex/Ice        30%        N/A       6%          2

Your spell library contained the following spells:

 Spells                   Type           Power      Damage    Failure   Level
 Freeze                   Ice            40%        1d6       7%          1
 Blink                    Tloc           4%         N/A       24%         2
 Poisonous Vapours        Pois/Air       4%         N/A       24%         2
 Dazzling Flash           Conj/Hex       22%        N/A       17%         3
 Portal Projectile        Hex/Tloc       22%        N/A       17%         3
 Frozen Ramparts          Ice            20%        1d4       21%         3
 Call Canine Familiar     Summ           2%         N/A       43%         3
 Lesser Beckoning         Tloc           2%         N/A       43%         3
 Leda's Liquefaction      Hex/Erth       5%         N/A       50%         4
 Hailstorm                Conj/Ice       6%         3d4       71%         4
 Corpse Rot               Necr/Pois/Air  2%         N/A       83%         4
 Manifold Assault         Tloc           2%         N/A       99%         5

Inventory:

Hand Weapons
 a - the +10 dagger "browni3141's Foe" (weapon) {elec, Will- Int+3 Dex+2}
   (You found it on level 4 of the Dungeon)

   It occasionally discharges a powerful burst of electricity upon striking a
   foe.
   Int:       It affects your intelligence (+3).
   Dex:       It affects your dexterity (+2).
   Will:      It decreases your willpower.
 b - a +0 sling
 s - a +0 whip of venom
 A - a +1 dagger
Missiles
 e - 45 stones {@f1}
Armour
 h - a +0 robe
 k - a +0 cloak (worn)
 m - a +0 leather armour
 t - a +2 robe (worn)
 v - the +0 leather armour of Kyil {rCorr}
   (You found it on level 4 of the Dungeon)

   rCorr:     It protects you from acid and corrosion.
 w - a +0 pair of boots (worn)
 C - a +2 kite shield
Jewellery
 L - a ring of flight (left hand)
Wands
 y - a wand of flame (13)
Scrolls
 f - a scroll of amnesia {unknown}
 n - a scroll of noise {unknown}
 q - a scroll of fear {unknown}
 r - a scroll of immolation {!r}
 u - a scroll of enchant weapon {unknown}
 D - a scroll of enchant armour
Potions
 c - 2 potions of invisibility
 d - 3 potions of magic
 g - 5 potions of haste {@q3}
 i - a potion of ambrosia {unknown}
 j - 2 potions of heal wounds {unknown}
 o - 2 potions of curing {@q1}
 p - a potion of brilliance {unknown}
 x - 3 potions of attraction {unknown}
 z - a potion of mutation {unknown}
 B - a potion of might {unknown}
 F - a potion of berserk rage {unknown}

Dungeon Overview and Level Annotations

Branches:
Dungeon (5/15)             Temple (1/1) D:4

Altars:
Elyvilon
Gozag
Hepliaklqana
Kikubaaqudgha
Nemelex Xobeh
Qazlal
Ru
Trog
Uskayaw
Wu Jian
Yredelemnul
Zin
The Shining One

Shops:
D:1 * D:2

!
...........[....##.#...########
................##..##.#
.................##.# .#
.................# .# .#
...............#.##.#
...................
.............#.#...#
#####.####.......#... ###
#.####.#.#.#@###.
...##............g.#
#..#....#.#)#.#.#o.g.g
#..............###g##
#....#.##....#.# ..
#......#.{.....# ##
##..#.#..o..#.#..#
#............#.....
##.#.#.#...#.#.#..###


You could see 3 gnolls, an orc and a friendly orc (charmed).


Message History

Something hits you but does no damage.
You are lethally poisoned!
You feel better. Something hits you.
* * * LOW HITPOINT WARNING * * *
You are poisoned.
Your surroundings seem slightly different.
You feel sick.
You feel sick.
You feel sick.
You feel sick.
You feel sick.
You are no longer poisoned.
A magic dart appears from out of thin air!
The magic dart hits you.
* * * LOW HITPOINT WARNING * * *
A puff of flame appears from out of thin air!
The puff of flame hits you!
* * * LOW HITPOINT WARNING * * *
A gnoll and an orc come into view.
Your orc hits something with a +0 whip.
You are confused.
You bump into the rock wall.
The gnoll shouts!
The orc shouts!
You hear a shout! x2
A gnoll comes into view. It is wielding a +0 club.
A gnoll comes into view. It is wielding a +0 whip.
A gnoll comes into view. It is wielding a +0 club.
A magic dart appears from out of thin air!
The magic dart hits you.
You die...
Your body disappears without a glow.

Skill      XL: |  1  2  3  4  5  6 |
---------------+-------------------+-----
Fighting       | 1 2 3 |  3.0
Ice Magic      | 1 2 |  2.0
Hexes          | 4 |  4.9
Stealth        | 4 |  4.0
Short Blades   | 2 |  2.9
Dodging        | |  2.0
Spellcasting   | |  2.0

Action                   |  1- 3 |  4- 6 |  7- 9 || total
-------------------------+-------+-------+-------++-------
Melee: Dagger            |    68 |    95 |    10 ||   173
       Punch             |     2 |       |       ||     2
 Fire: Sling             |    55 |     8 |       ||    63
Throw: Stone             |     3 |       |       ||     3
 Cast: Ensorcelled Hiber |    13 |    27 |     4 ||    44
       Tukima's Dance    |       |     4 |       ||     4
Evoke: Wand              |       |       |     2 ||     2
  Use: Scroll            |       |     5 |     1 ||     6
       Potion            |       |       |     2 ||     2
 Stab: Sleeping          |     9 |    22 |     2 ||    33
Armor: Robe              |    15 |    33 |     3 ||    51
       Leather armour    |    12 |     1 |       ||    13
Dodge: Dodged            |    43 |    81 |       ||   124

Levels and vault maps discovered:
D:1:      onia_arrival_pentagram, layout_basic, serial_shops, shop
D:2:      layout_basic, serial_shops, nicolae_shop_statue_plus,
          shapermc_ecumenical_altar_notcrosses, roderic_roman_lattice
D:3:      layout_basic, mainiacjoe_overflow_six_doors_small,
          mainiacjoe_overflow_alcove_4, moated_statue, uniq_jessica
D:4:      layout_basic, minmay_temple_entry_offerings
D:5:      layout_rooms, hangedman_decor_riveting
Temple:   minmay_freezing_vapour_temple

Notes
Turn   | Place    | Note
-------+----------+-------------------------------------------
     0 | D:1      | browni3141 the Human Enchanter began the quest for the Orb.
     0 | D:1      | Reached XP level 1. HP: 13/13 MP: 3/3
   137 | D:1      | Reached skill level 1 in Fighting
   284 | D:1      | Reached skill level 1 in Ice Magic
   284 | D:1      | Reached XP level 2. HP: 13/21 MP: 5/5
   399 | D:1      | Learned a level 2 spell: Ensorcelled Hibernation
   527 | D:1      | Found Zewnas's Assorted Antiques.
   989 | D:2      | Reached skill level 2 in Ice Magic
   989 | D:2      | Reached XP level 3. HP: 21/26 MP: 3/6
  1106 | D:2      | Found a faded altar of an unknown god.
  1863 | D:2      | Found Boecef's Distillery.
  1922 | D:2      | Bought a potion of curing for 36 gold pieces
  2345 | D:3      | Found a glowing silver altar of Zin.
  2418 | D:3      | Reached XP level 4. HP: 33/33 MP: 7/7
  2448 | D:3      | Noticed Jessica
  2455 | D:3      | Killed Jessica
  2456 | D:3      | Reached skill level 2 in Fighting
  2460 | D:3      | Reached skill level 4 in Hexes
  2599 | D:3      | Reached XP level 5. HP: 38/38 MP: 5/8
  2736 | D:3      | Found a sparkling altar of Nemelex Xobeh.
  3273 | D:3      | Learned a level 3 spell: Tukima's Dance
  3277 | D:3      | Learned a level 3 spell: Confusing Touch
  3550 | D:4      | Identified the +0 leather armour of Kyil {rCorr}
  3624 | D:4      | Reached skill level 4 in Stealth
  4023 | D:4      | Identified the +10 dagger "browni3141's Foe" {elec, Will-
                  | Int+3 Dex+2}
  4253 | D:4      | Reached skill level 3 in Fighting
  4253 | D:4      | Reached XP level 6. HP: 47/47 MP: 9/9
  4455 | D:4      | Found a staircase to the Ecumenical Temple.
  4467 | Temple   | Entered the Ecumenical Temple
  4540 | D:3      | Became a worshipper of Nemelex Xobeh the Trickster
  4606 | D:4      | Identified the +9 short sword of Shame {vorpal, Dex+2}
  4715 | D:5      | Entered Level 5 of the Dungeon
  4815 | D:5      | Reached skill level 2 in Short Blades
  4908 | D:5      | Reached XP level 7. HP: 52/52 MP: 7/10
  4999 | D:5      | HP: 4/52 [something/puff of flame (7)]
  5002 | D:5      | Killed from afar by an orc wizard

Vanquished Creatures
  2 scorpions
  3 iguanas (D:5)
  Jessica (D:3)
  An orc wizard (D:4)
  5 adders
  2 worms
  7 dart slugs
  16 orcs
  6 endoplasms
  5 giant cockroaches
  3 goblins
  7 hobgoblins
  A quokka (D:2)
  3 ball pythons
  4 bats
  4 frilled lizards
  5 kobolds
  4 rats (D:3)
79 creatures vanquished.

Vanquished Creatures (others)
  A dancing weapon (D:4)
1 creature vanquished.

Grand Total: 80 creatures vanquished

Table legend: (Time is in decaauts)
 A = Elapsed time spent in this place.
 B = Non-inter-level travel time spent in this place.
 C = Inter-level travel time spent in this place.
 D = Time resting spent in this place.
 E = Time spent auto-exploring this place.
 F = Levels seen in this place.
 G = Mean time per level.
                   A        B        C        D        E       F      G
               +--------+--------+--------+--------+--------+-----+--------+
         Total |   5012 |   4760 |    252 |    427 |   3306 |   6 |  835.3 |
       Dungeon |   5011 |   4759 |    252 |    427 |   3306 |   5 | 1002.2 |
        Temple |      1 |      1 |      0 |      0 |      0 |   1 |    1.0 |
               +--------+--------+--------+--------+--------+-----+--------+

Top non-repeatable levels by time:
     D:4: 1343 daAuts
     D:3: 1211 daAuts
     D:2: 1197 daAuts
     D:1: 974 daAuts
     D:5: 283 daAuts
  Temple: 1 daAuts

Table legend:
 A = Non-vault XP
 B = Vault XP
 C = Vault XP percentage of total XP
 D = Non-vault monster count
 E = Vault monster count
 F = Vault count percentage of total count
                 A         B        C        D         E       F
            +---------+---------+-------+---------+---------+-------
      Total |     533 |      37 |   6.5 |      78 |       1 |   1.3
            +---------+---------+-------+---------+---------+-------
        D:1 |      24 |       0 |   0.0 |      12 |       0 |   0.0
        D:2 |      39 |       0 |   0.0 |      19 |       0 |   0.0
        D:3 |      75 |      37 |  33.0 |      20 |       1 |   4.8
        D:4 |     163 |       0 |   0.0 |      17 |       0 |   0.0
        D:5 |     232 |       0 |   0.0 |      10 |       0 |   0.0
            +---------+---------+-------+---------+---------+-------
